 Dungeon Crawl Stone Soup version 0.27.0-1-g7a089689b8 (webtiles) character file.

Game seed: 11158749472056397538

2 AlmostDecent the Skirmisher (level 1, 14/14 HPs)
             Began as a Gargoyle Fighter on Aug 15, 2021.
             Was an Initiate of Ashenzari.
             Quit the game on level 1 of the Dungeon.
             The game lasted 00:00:46 (151 turns).

AlmostDecent the Skirmisher (Gargoyle Fighter)       Turns: 151, Time: 00:00:46

Health: 14/14      AC:  9    Str: 19    XL:     1   Next: 40%
Magic:  1/1        EV:  7    Int:  8    God:    Ashenzari [......]
Gold:   32         SH:  9    Dex:  9    Spells: 0/0 levels left

rFire    . . .     SeeInvis .   a - +0 war axe
rCold    . . .     Faith    .   c - +0 kite shield
rNeg     + . .     Spirit   .   b - +0 scale mail
rPois    ∞         Reflect  .   (no helmet)
rElec    +         Harm     .   (no cloak)
rCorr    +         Rampage  .   (no gloves)
Will     .....                  (no boots)
Stlth    ..........             (no amulet)
HPRegen  0.04/turn              e - ring of resist corrosion
MPRegen  0.07/turn              (no ring)

@: no status effects
A: sickness immunity, AC +2, negative energy resistance 1, electricity
resistance, torment resistance 1, petrification resistance
a: Renounce Religion


You were on level 1 of the Dungeon.
You worshipped Ashenzari.
Ashenzari was noncommittal.
You visited 1 branch of the dungeon, and saw 1 of its levels.

You collected 32 gold pieces.

Inventory:

Hand Weapons
 a - a +0 war axe (weapon)
Armour
 b - a +0 scale mail (worn)
 c - a +0 kite shield (worn)
Jewellery
 e - a ring of resist corrosion (left hand)
Potions
 d - a potion of might


   Skills:
 + Level 3.4 Fighting
 * Level 1.9 Axes
 - Level 3.2 Armour
 - Level 3.2 Shields


You couldn't memorise any spells.
You didn't know any spells.
Your spell library was empty.

Dungeon Overview and Level Annotations

Branches:
Dungeon (1/15)

Altars:
Ashenzari


Innate Abilities, Weirdness & Mutations

You are immune to sickness and miasma.
Your stone body is resilient. (AC +2)
You are immune to poison.
You resist negative energy. (rN+)
You are resistant to electric shocks. (rElec)
You are resistant to unholy torment.
You are immune to petrification.


Message History

You kill the rat!
No target in view!
No target in view!
A rat comes into view.
A rat is nearby!
You slash the rat!
You kill the rat!
No target in view!
No target in view!
No target in view!
You see here a rat corpse.
e - a ring of resist corrosion
e - a ring of resist corrosion (left hand)
You open the door.
Found an escape hatch in the floor.
There is an open door here.
You now have 12 gold pieces (gained 8).
There is an escape hatch in the floor here.
You now have 19 gold pieces (gained 7).
Found a robe.
Found 13 stones.
Found a stone staircase leading down.
You open the door.
There is an open door here.
You now have 32 gold pieces (gained 13).
A hobgoblin comes into view.
The hobgoblin shouts!
A hobgoblin is nearby!
You hit the hobgoblin.
You kill the hobgoblin!
You hit the fungus but do no damage.
No target in view!
No target in view!
No target in view!
Found a faded altar of an unknown god.
There is a faded altar of an unknown god here.
You cannot tell which god this altar belongs to.
Convert to them anyway?
Ashenzari accepts your prayer! Ashenzari welcomes you!
Ashenzari warns you of distant threats and treasures.
Ashenzari reveals the structure of the dungeon to you.
Ashenzari shows you where magical portals lie.
Ashenzari prevents you from stumbling into unseen traps.
Ashenzari identifies your possessions.
Are you sure you want to abandon this character and quit the game? (Confirm with "yes".)

#### ...# ...# ###
########..#
...#.#...#...#
..#.#.#.#.#.#...#
.....P.....P....#
.#.#.#.#.#.#...#
#@#...#...########
.#.#.#P#.#.#...........
....PPP....P..#.#######
.#.#.#P#.#.#...........
P.#.#...#..#.####### ##
########...... #
..........## #
#........... # .
#.......... #


There were no monsters in sight!

Vanquished Creatures
  A hobgoblin (D:1)
  2 rats (D:1)
3 creatures vanquished.

Notes
Turn   | Place    | Note
-------+----------+-------------------------------------------
     0 | D:1      | AlmostDecent the Gargoyle Fighter began the quest for the
                  | Orb.
     0 | D:1      | Reached XP level 1. HP: 14/14 MP: 1/1
   143 | D:1      | Found a faded altar of an unknown god.
   150 | D:1      | Became a worshipper of Ashenzari the Shackled
   151 | D:1      | Quit the game

Illustrated notes

Levels and vault maps discovered:
D:1:      giann_wishing_wells, layout_basic,
          shapermc_ecumenical_altar_mp_urbaneastern

Action                   || total
-------------------------++-------
Melee: War axe           ||     3
Armor: Scale mail        ||     1
